 Dungeon Crawl Stone Soup version 0.26.1-12-g5ba1501909 (webtiles) character file.

Game seed: 3363500409332522604

575 Zeld the Sneak (level 7, 0/46 HPs)
             Began as an Octopode Brigand on Oct 23, 2021.
             Was an Initiate of Fedhas.
             Slain by Grinder (1 damage)
             ... on level 3 of the Dungeon.
             The game lasted 00:06:07 (6904 turns).

Zeld the Sneak (Octopode Brigand)                   Turns: 6904, Time: 00:06:08

Health: 0/46       AC:  1    Str: 11    XL:     7   Next: 35%
Magic:  7/7        EV: 14    Int: 13    God:    Fedhas [......]
Gold:   202        SH:  0    Dex: 15    Spells: 6/6 levels left

rFire    . . .     SeeInvis .   a - +0 short sword (flame)
rCold    . . .     Faith    .   (no shield)
rNeg     . . .     Spirit   .   (helmet restricted)
rPois    .         Reflect  .   (no amulet)
rElec    .         Harm     .   (no ring)
rCorr    .         Rampage  .   (no ring)
Will     .....                  (no ring)
Stlth    +++++.....             (no ring)
HPRegen  0.15/turn              (no ring)
MPRegen  0.10/turn              (no ring)
                                (no ring)
                                (no ring)

@: no status effects
A: almost no armour, stealthy swim, amphibious, 8 rings, constrict 8, camouflage
1, gelatinous body 1
a: Renounce Religion


You were on level 3 of the Dungeon.
You worshipped Fedhas.
Fedhas was noncommittal.
You visited 2 branches of the dungeon, and saw 5 of its levels.

You collected 202 gold pieces.

Inventory:

Hand Weapons
 a - a +0 short sword of flaming (weapon)
Missiles
 b - 8 poisoned darts (quivered)
 c - a curare-tipped dart
 v - 2 throwing nets
Jewellery
 k - an uncursed amulet of guardian spirit {unknown}
 s - a +4 ring of evasion {unknown}
Scrolls
 d - a scroll of noise {unknown}
 e - 3 scrolls of teleportation {unknown}
 h - 6 scrolls of identify {unknown}
 i - a scroll of immolation {unknown}
 j - 2 scrolls of remove curse {unknown}
 m - 3 scrolls of magic mapping {unknown}
 n - 3 scrolls of blinking {unknown}
 o - a scroll of fog {unknown}
 p - a scroll of enchant armour {unknown}
 r - 3 scrolls of amnesia {unknown}
Potions
 f - a potion of mutation {unknown}
 g - 2 potions of attraction {unknown}
 l - a potion of lignification {unknown}
 q - a potion of haste {unknown}
 t - a potion of berserk rage {unknown}
 u - a potion of ambrosia {unknown}


   Skills:
 + Level 3.3 Fighting
 * Level 4.1 Short Blades
 * Level 4.1 Throwing
 + Level 2.7 Dodging
 * Level 7.7 Stealth


You had 6 spell levels left.
You didn't know any spells.
Your spell library was empty.

Dungeon Overview and Level Annotations

Branches:
Dungeon (4/15)             Temple (1/1) D:4

Altars:
Ashenzari
Cheibriados
Dithmenos
Elyvilon
Fedhas
Gozag
Hepliaklqana
Kikubaaqudgha
Makhleb
Nemelex Xobeh
Okawaru
Qazlal
Ru
Sif Muna
Trog
Uskayaw
Xom
Zin
The Shining One

Annotations:
D:3 Grinder


Innate Abilities, Weirdness & Mutations

You cannot wear most types of armour.
You are very stealthy in the water. (Stealth+)
You are amphibious.
You can wear up to eight rings at the same time.
You can use your tentacles to constrict eight enemies at once.
Your skin changes colour to match your surroundings (Stealth+).
Your rubbery body absorbs attacks. (AC +1, EV +1)


Message History

You hit Grinder. You burn Grinder. You grab Grinder.
Your squeeze misses Grinder.
Grinder is lightly wounded.
You constrict Grinder.
Grinder says, "I used to sell toenails on the black market."
Grinder gestures at you. Pain shoots through your body!
You hit Grinder but do no damage. You squeeze Grinder.
Grinder is lightly wounded.
You constrict Grinder. Grinder gestures at you. Pain shoots through your body!
* * * LOW HITPOINT WARNING * * *
You hit Grinder. You burn Grinder. You squeeze Grinder.
Grinder is moderately wounded.
You constrict Grinder. Grinder hits you.
* * * LOW HITPOINT WARNING * * *
You writhe in agony.
You die...
Fedhas appreciates your contribution to the ecosystem.

###.# #.# ..#.# #.# #.#.#
#############.# ..#.#
#.............# ..#.#
#.#############
..#.######.# ..#........###
.####........#####
.............'.5@#
....#........##############
....##....#...#...#^..#...#
....##....#.#...#.#.#...#.#
....##....#..###..#..###..#
....##....##.#[#)###.#.#.##
....##....#..##'.....'##..#
....##....#.#...##'##...#.#
....##..........#...#.....#


You could see Grinder.

Vanquished Creatures
  Sigmund (D:2)
  Duvessa (D:4)
  Dowan (D:4)
  2 worker ants (D:4)
  Robin (D:2)
  6 gnolls (D:4)
  3 adders
  2 oozes
  4 worms
  4 dart slugs
  A leopard gecko (D:3)
  3 orcs (D:3)
  10 bats
  3 giant cockroaches
  17 goblins
  6 hobgoblins
  10 jackals
  2 quokkas
  3 ball pythons
  5 frilled lizards
  10 kobolds
  A leopard gecko skeleton (D:4)
  5 rats
101 creatures vanquished.

Vanquished Creatures (others)
  2 plants (D:4)
2 creatures vanquished.

Grand Total: 103 creatures vanquished

Notes
Turn   | Place    | Note
-------+----------+-------------------------------------------
     0 | D:1      | Zeld the Octopode Brigand began the quest for the Orb.
     0 | D:1      | Reached XP level 1. HP: 14/14 MP: 1/1
   221 | D:1      | Reached XP level 2. HP: 19/19 MP: 2/2
   926 | D:1      | Reached XP level 3. HP: 16/24 MP: 3/3
  2540 | D:2      | Found a white marble altar of Elyvilon.
  2548 | D:2      | Reached XP level 4. HP: 30/30 MP: 4/4
  2563 | D:2      | Reached skill level 6 in Stealth
  2655 | D:2      | Noticed Robin
  3153 | D:2      | Killed Robin
  3692 | D:2      | Reached XP level 5. HP: 27/35 MP: 5/5
  3779 | D:2      | Noticed Sigmund
  3785 | D:2      | Killed Sigmund
  3786 | D:2      | Reached XP level 6. HP: 41/41 MP: 6/6
  4412 | D:3      | Reached skill level 7 in Stealth
  5389 | D:4      | Found a staircase to the Ecumenical Temple.
  5398 | Temple   | Entered the Ecumenical Temple
  5493 | Temple   | Became a worshipper of Fedhas Madash
  5679 | D:4      | Noticed Duvessa
  5687 | D:4      | Noticed Dowan
  5721 | D:4      | Killed Duvessa
  5722 | D:4      | Reached XP level 7. HP: 8/46 MP: 7/7
  6155 | D:4      | Found a sparkling altar of Nemelex Xobeh.
  6301 | D:4      | Killed Dowan
  6380 | D:4      | Noticed Grinder
  6898 | D:3      | Paralysed by Grinder for 2 turns
  6904 | D:3      | HP: 1/46 [Grinder (6)]
  6904 | D:3      | Slain by Grinder

Illustrated notes

Levels and vault maps discovered:
D:1:      evilmike_arrival_crescent, layout_basic
D:2:      layout_basic, overflow_temple_1_default, grunt_ministairs_10,
          uniq_sigmund, uniq_robin
D:3:      mumra_celtic_spiral_tile, layout_basic,
          minmay_fractal_squares_diagonal_5
D:4:      layout_layer_cave, nemelex_xobeh_ov_fountains_minmay,
          minmay_temple_entry_overgrown, trog_wizard, uniq_grinder, uniq_duvessa
Temple:   minmay_temple_bridge_d

Skill      XL: |  1  2  3  4  5  6  7 |
---------------+----------------------+-----
Stealth        | 6 7 |  7.7
Short Blades   | 3 4 |  4.1
Throwing       | 3 4 |  4.1
Dodging        | 2 |  2.7
Fighting       | 3 |  3.3

Action                   |  1- 3 |  4- 6 |  7- 9 || total
-------------------------+-------+-------+-------++-------
Melee: Dagger            |    69 |   116 |    24 ||   209
       Constrict         |    11 |    28 |     6 ||    45
       Tentacles         |    10 |    24 |    11 ||    45
       Short sword       |       |       |     4 ||     4
Throw: Dart              |       |     2 |       ||     2
 Stab: Sleeping          |    15 |    12 |     2 ||    29
Armor: Skin              |     3 |     6 |       ||     9
Dodge: Dodged            |    30 |    66 |    18 ||   114
